 Dungeon Sprint DCSS version 0.22.1-1-ga44c0e56f4 (webtiles) character file.

46889 MuseOD the Unseen (level 13, 0/75 HPs)
             Began as a Spriggan Enchanter on Oct 3, 2018.
             Was the Champion of Dithmenos.
             Killed from afar by a deep elf mage (7 damage)
             ... with a magic dart
             ... in the Dungeon (Sprint III: "The Ten Rune Challenge").
             The game lasted 00:13:16 (3469 turns).

MuseOD the Unseen (Spriggan Enchanter)              Turns: 3469, Time: 00:13:16

Health: 0/75       AC:  4    Str:  3 (4)  XL:     13   Next: 39%
Magic:  6/32       EV: 29    Int: 19      God:    Dithmenos [******]
Gold:   2270       SH:  0    Dex: 18 (19) Spells: 23/40 levels left

rFire    . . .     SeeInvis +   q - +2 dagger (venom)
rCold    . . .     Gourm    .   (shield restricted)
rNeg     . . .     Faith    .   b - +0 robe
rPois    .         Spirit   .   (helmet restricted)
rElec    .         Reflect  .   k - +1 cloak
rCorr    .         Harm     .   (gloves unavailable)
MR       ++...     NoTele   +   (boots unavailable)
Stlth    ++++++++++             (no amulet)
HPRegen  0.22/turn              (no ring)
MPRegen  0.23/turn              (no ring)

@: wreathed by umbra, very quick
A: very small, unfitting armour, thin skeletal structure 1, camouflage 1, see
invisible, deterioration 1, herbivore, speed 3, slow metabolism 2, weak 1
}: 1/10 runes: serpentine
a: Shadow Step, Shadow Form, Renounce Religion


You were in the Dungeon.
You worshipped Dithmenos.
Dithmenos was exalted by your worship.
You were not hungry.

You visited 1 branch You collected 2270 gold pieces.

Inventory:

Hand Weapons
 a - a +1 dagger
 q - a +2 dagger of venom (weapon)
Armour
 b - a +0 robe (worn)
 k - a +1 cloak (worn)
Wands
 c - a wand of polymorph (21)
 p - a wand of acid (5)
Scrolls
 j - a scroll of blinking
 l - 2 scrolls of immolation {unknown}
 m - 3 scrolls of identify
 n - 3 scrolls of remove curse
 r - a scroll of acquirement
 s - 2 scrolls of torment
Potions
 e - 2 potions of curing
 f - 2 potions of heal wounds
 g - a potion of haste
 h - 2 potions of magic
 i - a potion of berserk rage
 o - 2 potions of flight
Miscellaneous
 t - a lamp of fire
Comestibles
 d - 4 rations


   Skills:
 + Level 12.2 Fighting
 * Level 20.6 Short Blades
 + Level 12.4 Dodging
 + Level 20.8 Stealth
 + Level 14.4 Spellcasting
 + Level 9.7 Conjurations
 + Level 14.6 Hexes


You had 23 spell levels left.
You knew the following spells:

 Your Spells              Type           Power        Failure   Level  Hunger
a - Corona                Hex            ######.      0%          1    None
b - Ensorcelled Hibernat  Hex/Ice        #####.       1%          2    None
c - Confuse               Hex            ######..     1%          3    None
d - Dazzling Spray        Conj/Hex       ######       1%          3    None
e - Mephitic Cloud        Conj/Pois/Air  ####....     3%          3    None
f - Tukima's Dance        Hex            ######..     1%          3    None
g - Blink                 Tloc           N/A          7%          2    None

Your spell library contained the following spells:

 Spells                   Type           Power        Failure   Level  Hunger
 Magic Dart               Conj           ####         1%          1    None
 Slow                     Hex            ######..     1%          2    None
 Conjure Flame            Conj/Fire      ####....     1%          3    None
 Call Imp                 Summ           ##......     7%          2    None


Dungeon Overview and Level Annotations

Branches:
Dungeon (1/1)

Altars:
Cheibriados
Dithmenos
Elyvilon
Fedhas
Gozag
Hepliaklqana
Kikubaaqudgha
Makhleb
Nemelex Xobeh
Okawaru
Qazlal
Ru
Sif Muna
Trog
Uskayaw
Vehumet
Wu Jian
Xom
Yredelemnul
Zin
The Shining One
Beogh
Jiyva
Lugonu

Shops:
D =[?[}[!%(=!}?:?([?%

Annotations:
D exclusion: obsidian statue


Innate Abilities, Weirdness & Mutations

You are very small and have problems with some larger weapons.
You are too small for most types of armour.
You have supernaturally acute eyesight. (SInv)
You are a herbivore.
You cover ground extremely quickly.
You need to consume almost no food.
You have a somewhat thin skeletal structure. (Dex +2, Stealth)
Your skin changes colour to match your surroundings (Stealth+).
Your body sometimes deteriorates upon taking damage.
You are weak. (Str -2)


Message History

The deep elf annihilator is empowered by the deep elf high priest's aura!
The deep elf high priest mumbles some strange prayers to its god.
The deep elf high priest begins emitting a brilliant aura!
The deep elf annihilator points at you and mumbles some strange words.
The bolt of lightning misses you. x2
Aiming: Shadow Step
Press: ? - help, Dir - move target cursor, f/p - deep elf annihilator
Aim: a deep elf annihilator, wearing a robe (lightly wounded, blind, spells You step into the deep elf annihilator's shadow.
The deep elf mage casts a spell at you. The lance of force hits you!
* * * LOW HITPOINT WARNING * * *
You emit a cloud of dark smoke.
You are knocked back by the lance of force.
You violently stop moving!
* * * LOW HITPOINT WARNING * * *
Your body deteriorates!
You feel clumsy.
The deep elf mage points at you and mumbles some strange words.
The magic dart hits you!
You die...

▓▓▓▓▓▓
#.##.################
##.∩..'.#...##e§e.'. .
)....##.#.))##≈§§§##..##
.....##.#)..≈≈≈§@e.....#
...)###.#.))##≈≈§§##..##
.###..#.'...##.[eee....?
## ####################
##################
≈')#)'...'.#.#.#.+
§#.#.#...##.#.#.##
.#.#)#)..#.#.#.#.#
§#...#)).##.#.#.##


You could see a deep elf blademaster, a deep elf annihilator (blind), 2 deep elf
high priests and 2 deep elf magi.

Vanquished Creatures
  Rupert (D)
  Dowan (D)
  A nagaraja (D)
  Azrael (D)
  A deep elf annihilator (D)
  Snorg (D)
  2 yaktaur captains (D)
  2 hydras (D)
  A naga warrior (D)
  A centaur warrior (D)
  5 anacondas (D)
  4 death yaks (D)
  Urug (D)
  A deep elf knight (D)
  An unseen horror (D)
  A death drake (D)
  A swamp dragon (D)
  5 deep elf magi (D)
  A lindwurm (D)
  2 orc sorcerers (D)
  A guardian serpent (D)
  9 black mambas (D)
  2 spiny frogs (D)
  Duvessa (D)
  A komodo dragon (D)
  A rime drake (D)
  2 yaktaurs (D)
  3 wandering mushrooms (D)
  2 tyrant leeches (D)
  2 orc high priests (D)
  8 blink frogs (D)
  A shadow (D)
  3 redbacks (D)
  2 nagas (D)
  A spatial vortex (D)
  5 water moccasins (D)
  3 swamp drakes (D)
  An orc warrior (D)
  A necrophage (D)
  2 centaurs (D)
  An earth elemental (D)
  A water elemental (D)
  An electric eel (D)
  9 orc priests (D)
  A jelly (D)
  Crazy Yiuf (D)
  A wizard (D)
  Jessica (D)
  2 orc wizards (D)
  A necromancer (D)
  3 humans (D)
  A kobold demonologist (D)
  5 orcs (D)
  3 rats (D)
  A plant (D)
117 creatures vanquished.

Vanquished Creatures (others)
  2 draconian scorchers (D)
  6 hellions (D)
  2 yaktaurs (D)
  A plant (D)
11 creatures vanquished.

Grand Total: 128 creatures vanquished

Notes
Turn   | Place    | Note
-------+----------+-------------------------------------------
     0 | D        | MuseOD the Spriggan Enchanter began the quest for the Orb.
     0 | D        | Reached XP level 1. HP: 9/9 MP: 5/5
    50 | D        | Noticed Jessica
    53 | D        | Killed Jessica
    53 | D        | Reached XP level 2. HP: 15/15 MP: 6/6
    61 | D        | Learned a level 2 spell: Ensorcelled Hibernation
    81 | D        | Killed a hellion
    90 | D        | Killed a yaktaur
    96 | D        | Reached skill level 5 in Short Blades
    96 | D        | Reached XP level 3. HP: 2/19 MP: 2/8
   101 | D        | Learned a level 3 spell: Confuse
   119 | D        | Killed a hellion
   119 | D        | Killed a hellion
   125 | D        | Killed a hellion
   131 | D        | Killed a hellion
   157 | D        | Killed a hellion
   300 | D        | Killed a white draconian scorcher
   338 | D        | Killed a white draconian scorcher
   418 | D        | Noticed Crazy Yiuf
   429 | D        | Killed Crazy Yiuf
   429 | D        | Reached XP level 4. HP: 24/24 MP: 4/9
   456 | D        | Gained mutation: You are resistant to hostile enchantments.
                  | (MR+) [potion of mutation]
   456 | D        | Gained mutation: You have a pair of small horns on your
                  | head. [potion of mutation]
   457 | D        | Lost mutation: You are resistant to hostile enchantments.
                  | (MR+) [potion of mutation]
   457 | D        | Lost mutation: You have a pair of small horns on your head.
                  | [potion of mutation]
   457 | D        | Gained mutation: Your mind is acute. (Int +2) [potion of
                  | mutation]
   457 | D        | Gained mutation: You are frail. (-10% HP) [potion of
                  | mutation]
   457 | D        | Gained mutation: You expend magic power (3 MP) to
                  | strengthen your wands. [potion of mutation]
   458 | D        | Lost mutation: Your mind is acute. (Int +2) [potion of
                  | mutation]
   458 | D        | Lost mutation: You are frail. (-10% HP) [potion of
                  | mutation]
   458 | D        | Gained mutation: Your spells are a little easier to cast,
                  | but a little less powerful. [potion of mutation]
   458 | D        | Gained mutation: You have a pair of small horns on your
                  | head. [potion of mutation]
   458 | D        | Gained mutation: You are partially covered in iridescent
                  | scales. (AC +2) [potion of mutation]
   458 | D        | Gained mutation: Your muscles are strong. (Str +2) [potion
                  | of mutation]
   459 | D        | Lost mutation: Your muscles are strong. (Str +2) [potion of
                  | mutation]
   459 | D        | Lost mutation: Your spells are a little easier to cast, but
                  | a little less powerful. [potion of mutation]
   459 | D        | Lost mutation: You expend magic power (3 MP) to strengthen
                  | your wands. [potion of mutation]
   459 | D        | Lost mutation: You are partially covered in iridescent
                  | scales. (AC +2) [potion of mutation]
   459 | D        | Gained mutation: Your body sometimes deteriorates upon
                  | taking damage. [potion of mutation]
   459 | D        | Gained mutation: You can translocate small distances at
                  | will. [potion of mutation]
   459 | D        | Gained mutation: You have a somewhat thin skeletal
                  | structure. (Dex +2, Stealth) [potion of mutation]
   460 | D        | Lost mutation: You have a pair of small horns on your head.
                  | [potion of mutation]
   460 | D        | Lost mutation: You can translocate small distances at will.
                  | [potion of mutation]
   460 | D        | Gained mutation: You are weak. (Str -2) [potion of
                  | mutation]
   460 | D        | Gained mutation: Your skin changes colour to match your
                  | surroundings (Stealth+). [potion of mutation]
   475 | D        | Noticed a water elemental
   478 | D        | Killed a water elemental
   500 | D        | Found a basalt altar of Yredelemnul.
   500 | D        | Found a shadowy altar of Dithmenos.
   500 | D        | Found a sacrificial altar of Ru.
   500 | D        | Noticed a necrophage
   502 | D        | Killed a necrophage
   502 | D        | Reached skill level 10 in Stealth
   502 | D        | Reached XP level 5. HP: 30/30 MP: 10/10
   507 | D        | Became a worshipper of Dithmenos the Shadowed
   515 | D        | Found a glowing silver altar of Zin.
   515 | D        | Found a glowing golden altar of the Shining One.
   515 | D        | Found a white marble altar of Elyvilon.
   515 | D        | Noticed a deep elf mage
   518 | D        | Killed a deep elf mage
   518 | D        | Reached XP level 6. HP: 37/37 MP: 11/11
   518 | D        | Reached XP level 7. HP: 41/41 MP: 12/12
   529 | D        | Found a radiant altar of Vehumet.
   530 | D        | Found a deep blue altar of Sif Muna.
   530 | D        | Found an ancient bone altar of Kikubaaqudgha.
   532 | D        | Killed a yaktaur
   533 | D        | Reached * piety under Dithmenos
   544 | D        | Learned a level 3 spell: Dazzling Spray
   550 | D        | Found a hide-covered altar of Uskayaw.
   550 | D        | Found a roughly hewn altar of Beogh.
   550 | D        | Found an iron altar of Okawaru.
   550 | D        | Found a bloodstained altar of Trog.
   550 | D        | Found an ornate altar of the Wu Jian Council.
   550 | D        | Noticed a human
   550 | D        | Noticed a human
   563 | D        | Killed a human
   563 | D        | Reached skill level 1 in Conjurations
   569 | D        | Killed a human
   667 | D        | Noticed a shadow
   672 | D        | Killed a shadow
   672 | D        | Reached ** piety under Dithmenos
   672 | D        | Reached skill level 5 in Hexes
   672 | D        | Reached XP level 8. HP: 46/46 MP: 7/15
   793 | D        | Noticed Snorg
   820 | D        | Killed Snorg
  1059 | D        | Reached XP level 9. HP: 51/51 MP: 19/19
  1065 | D        | Noticed a centaur warrior
  1067 | D        | Reached *** piety under Dithmenos
  1069 | D        | Killed a centaur warrior
  1069 | D        | Reached skill level 15 in Stealth
  1075 | D        | Learned a level 3 spell: Mephitic Cloud
  1079 | D        | Learned a level 3 spell: Tukima's Dance
  1082 | D        | Learned a level 2 spell: Blink
  1091 | D        | Noticed an unseen horror
  1093 | D        | Killed an unseen horror
  1098 | D        | Noticed Dowan
  1098 | D        | Noticed Duvessa
  1117 | D        | Killed Duvessa
  1117 | D        | Reached **** piety under Dithmenos
  1117 | D        | Reached skill level 15 in Short Blades
  1126 | D        | Killed Dowan
  1126 | D        | Reached skill level 5 in Conjurations
  1126 | D        | Reached XP level 10. HP: 58/58 MP: 17/24
  1404 | D        | Noticed a yaktaur captain
  1405 | D        | Killed a yaktaur captain
  1405 | D        | Reached ***** piety under Dithmenos
  1502 | D        | Reached skill level 10 in Hexes
  1559 | D        | Noticed a yaktaur captain
  1565 | D        | Killed a yaktaur captain
  1565 | D        | Reached skill level 10 in Spellcasting
  1569 | D        | Noticed Azrael
  1571 | D        | Killed Azrael
  1571 | D        | Reached XP level 11. HP: 63/63 MP: 22/26
  1630 | D        | Found Imoacuf's Magic Scroll Emporium.
  1630 | D        | Found Tattiukk's Magic Scroll Shop.
  1630 | D        | Found Zeoptoq's Distillery.
  1630 | D        | Found Ysavyifi's Food Shoppe.
  1630 | D        | Found Gank's Gadget Boutique.
  1630 | D        | Found Hoevyuli's Book Emporium.
  1630 | D        | Found Cefitoi's Jewellery Shoppe.
  1630 | D        | Found Ziekucvumoi's Magic Scroll Shop.
  1630 | D        | Found Kiumpec's Weapon Shop.
  1630 | D        | Found Silotie's Antique Armour Emporium.
  1630 | D        | Found Ditwiklae's Food Emporium.
  1630 | D        | Found Lynt's Antique Weapon Boutique.
  1674 | D        | Noticed an obsidian statue
  1722 | D        | Reached skill level 10 in Fighting
  1807 | D        | Reached ****** piety under Dithmenos
  1862 | D        | Noticed a lindwurm
  1865 | D        | Killed a lindwurm
  1885 | D        | Noticed Urug
  1887 | D        | Killed Urug
  1891 | D        | Noticed a seven-headed hydra
  1891 | D        | Noticed a five-headed hydra
  1893 | D        | Killed a seven-headed hydra
  1893 | D        | Reached skill level 5 in Dodging
  1894 | D        | Killed a five-headed hydra
  1909 | D        | Noticed a death drake
  1915 | D        | Killed a death drake
  1984 | D        | Found Ideacu's Gadget Emporium.
  1984 | D        | Found Toeteriy's Antique Armour Shop.
  1984 | D        | Found Duenapyt's Distillery.
  1984 | D        | Noticed a swamp dragon
  1986 | D        | Killed a swamp dragon
  2093 | D        | Reached XP level 12. HP: 60/69 MP: 5/29
  2208 | D        | Noticed Rupert
  2212 | D        | Killed Rupert
  2218 | D        | Noticed a death yak
  2219 | D        | Noticed a death yak
  2223 | D        | Killed a death yak
  2224 | D        | Noticed an azure jelly
  2224 | D        | Noticed a death yak
  2224 | D        | Noticed an azure jelly
  2224 | D        | Noticed a death yak
  2225 | D        | Killed a death yak
  2228 | D        | Killed a death yak
  2232 | D        | Killed a death yak
  2243 | D        | Noticed an anaconda
  2243 | D        | Noticed an anaconda
  2252 | D        | Killed an anaconda
  2259 | D        | Killed an anaconda
  2259 | D        | Reached skill level 10 in Dodging
  2894 | D        | Noticed an anaconda
  2894 | D        | Noticed an anaconda
  2894 | D        | Noticed an anaconda
  2901 | D        | Killed an anaconda
  2902 | D        | Killed an anaconda
  2904 | D        | Killed an anaconda
  2904 | D        | Reached XP level 13. HP: 74/74 MP: 31/31
  2909 | D        | Noticed a nagaraja
  2909 | D        | Found Sisuy's Jewellery Boutique.
  2909 | D        | Found Pekigr Mozor's Antique Armour Emporium.
  2912 | D        | Found Dureuk's Magic Scroll Shop.
  2914 | D        | Killed a nagaraja
  2932 | D        | Got a serpentine rune of Zot
  3099 | D        | Found Mihuethre's Armour Shop.
  3351 | D        | Found a blossoming altar of Fedhas.
  3351 | D        | Found a stormy altar of Qazlal.
  3354 | D        | Found a snail-covered altar of Cheibriados.
  3354 | D        | Found a burning altar of Makhleb.
  3356 | D        | Found a shimmering altar of Xom.
  3357 | D        | Found a hazy altar of Hepliaklqana.
  3357 | D        | Found an opulent altar of Gozag.
  3357 | D        | Found a sparkling altar of Nemelex Xobeh.
  3357 | D        | Found a corrupted altar of Lugonu.
  3357 | D        | Found a viscous altar of Jiyva.
  3446 | D        | Noticed a deep elf annihilator
  3459 | D        | Noticed a deep elf annihilator
  3464 | D        | Noticed a deep elf blademaster
  3466 | D        | Killed a deep elf annihilator
  3469 | D        | Killed from afar by a deep elf mage

Skill      XL: |  1  2  3  4  5  6  7  8  9 10 11 12 13 |
---------------+----------------------------------------+-----
Fighting       | 2 3 4 6 7 9 10 11 12 | 12.2
Short Blades   | 4 5 6 9 12 13 15 16 18 19 20 | 20.6
Stealth        | 6 7 10 12 13 14 16 17 18 20 | 20.8
Spellcasting   | 4 6 9 10 12 13 14 | 14.4
Conjurations   | 2 3 5 6 7 9 |  9.7
Hexes          | 5 6 9 10 12 14 | 14.6
Dodging        | 7 11 12 | 12.4

Action                   |  1- 3 |  4- 6 |  7- 9 | 10-12 | 13-15 || total
-------------------------+-------+-------+-------+-------+-------++-------
Melee: Dagger            |    13 |     4 |    46 |   135 |    56 ||   254
 Cast: Ensorcelled Hiber |     3 |       |     2 |    22 |     2 ||    29
       Confuse           |       |       |     6 |    18 |     4 ||    28
       Mephitic Cloud    |       |       |     1 |     2 |     1 ||     4
       Dazzling Spray    |       |       |       |     5 |    11 ||    16
       Blink             |       |       |       |       |     1 ||     1
Invok: Shadow Step       |       |       |       |     5 |     6 ||    11
Evoke: Wand              |       |       |     4 |       |       ||     4
  Use: Potion            |       |     5 |       |     1 |       ||     6
 Stab: Sleeping          |     5 |     4 |     8 |    42 |    13 ||    72
       Confused          |       |       |     7 |     7 |     3 ||    17
       Invisible         |       |       |       |     3 |     1 ||     4
       Distracted        |       |       |       |     1 |     1 ||     2
  Eat: Ration            |       |       |       |       |     1 ||     1
Armor: Robe              |       |       |     1 |     2 |     1 ||     4
Dodge: Dodged            |     4 |       |    10 |    81 |    20 ||   115
